 Dungeon Sprint DCSS version 0.30-a0-218-gedb9141078 (webtiles) character file.

Game seed: 504947930785267036

3121 mhtbhm the Earth Mage (level 9, -3/51 HPs)
             Began as a Gargoyle Earth Elementalist on Oct 5, 2022.
             Was a High Priest of Vehumet.
             Slain by a sixfirhy (6 damage)
             ... summoned by an orc high priest
             ... in the Dungeon (Sprint III: "The Ten Rune Challenge").
             The game lasted 00:04:21 (1007 turns).

mhtbhm the Earth Mage (Gargoyle Earth Elementalist) Turns: 1007, Time: 00:04:23

Health: -3/51      AC:  8    Str: 10    XL:     9   Next: 91%
Magic:  15/26      EV: 13    Int: 25    God:    Vehumet [*****.]
Gold:   48         SH:  0    Dex:  9    Spells: 18/35 levels left

rFire   . . .      SeeInvis .    (no weapon)
rCold   . . .      Faith    .    (no shield)
rNeg    + . .      Spirit   .    a - +0 robe
rPois   ∞          Reflect  .    (no helmet)
rElec   +          Harm     .    (no cloak)
rCorr   .          Rampage  .    (no gloves)
Will    .....      NoTele   +    (no boots)
Stlth   ++........               (no amulet)
HPRegen 0.28/turn                (no ring)
MPRegen 0.20/turn                (no ring)

@: no status effects
A: sickness immunity, AC +6, negative energy resistance 1, electricity
resistance, torment resistance 1, petrification resistance, talons 1, clever 1
a: Renounce Religion


You were in the Dungeon.
You worshipped Vehumet.
Vehumet was extremely pleased with you.
You visited 1 branch You collected 48 gold pieces.

Inventory:

Armour
 a - a +0 robe (worn)
Scrolls
 g - a scroll of blinking
 h - 5 scrolls of identify {unknown}
 k - a scroll of torment {unknown}
Potions
 b - a potion of magic
 c - 4 potions of curing
 d - a potion of mutation
 f - a potion of berserk rage
 j - a potion of heal wounds
 l - 2 potions of flight
Miscellaneous
 m - a piece from Xom's chessboard (14/15)


   Skills:
 + Level 3.2 Fighting
 + Level 4.9 Dodging
 + Level 3.6 Stealth
 + Level 13.7 Spellcasting
 + Level 5.2 Conjurations
 + Level 0.9 Transmutations
 + Level 0.2 Fire Magic
 + Level 17.3 Earth Magic


You had 18 spell levels left.
You knew the following spells:

 Your Spells              Type           Power      Damage    Failure   Level
a - Sandblast             Erth           100%       2d20      0%          1
b - Passwall              Tmut/Erth      48%        N/A       1%          2
c - Stone Arrow           Conj/Erth      100%       3d13      1%          3
d - Petrify               Tmut/Erth      58%        N/A       1%          4
e - Inner Flame           Hex/Fire       17%        N/A       2%          3
f - Flame Wave            Conj/Fire      30%        2d9       3%          4

Your spell library contained the following spells:

 Spells                   Type           Power      Damage    Failure   Level
 Arcjolt                  Conj/Air       15%        1d25      9%          5
 Shock                    Conj/Air       100%       1d9       1%          1
 Airstrike                Air            8%         2d(2-18)  9%          4
 Swiftness                Air            17%        N/A       10%         3


Dungeon Overview and Level Annotations

Branches:
Dungeon (1/1)

Altars:
Cheibriados
Dithmenos
Elyvilon
Fedhas
Gozag
Hepliaklqana
Kikubaaqudgha
Makhleb
Nemelex Xobeh
Okawaru
Qazlal
Ru
Sif Muna
Trog
Uskayaw
Vehumet
Wu Jian
Xom
Yredelemnul
Zin
The Shining One
Jiyva
Lugonu


Innate Abilities, Weirdness & Mutations

You are immune to sickness and miasma.
Your stone body is resilient. (AC +6)
You are immune to poison.
You resist negative energy. (rN+)
You are resistant to electric shocks. (rElec)
You are resistant to unholy torment.
You are immune to petrification.
You have sharp toenails.
Your mind is acute. (Int +4, Str/Dex -1)


Message History

The flame wave engulfs the orange demon!
The orange demon is severely wounded.
The flame wave engulfs the rust devil.
The rust devil completely resists.
The flame wave engulfs the sixfirhy!
The sixfirhy is moderately wounded.
The flame wave engulfs the orc high priest!
The orc high priest is moderately wounded.
The flame wave engulfs the orc warrior but does no damage.
Vehumet accepts your kill.
You feel your power returning.
You feel a bit more experienced.
You finish channelling waves of flame.
The orange demon stings you from afar.
Unknown command.
Unknown command.
Casting: Flame Wave (dangerous; 3% risk of failure)
Confirm with . or Enter, or press ? or * to list all spells.
Casting: Flame Wave (dangerous; 3% risk of failure)
Press: ? - help, Dir - look around, f - activate A wave of flame ripples out! (Press . to intensify the flame waves.)
The orange demon misses you.
A wave of flame ripples out!
The flame wave engulfs the orange demon!
The orange demon is almost dead.
The orange demon closely misses you.
The orc high priest invokes the aid of Beogh against you.
Beogh smites you!
* * * LOW HITPOINT WARNING * * *
A wave of flame ripples out!
The flame wave engulfs the orange demon!
You kill the orange demon!
The orange demon disappears in a puff of smoke!
The flame wave engulfs the rust devil but does no damage.
The flame wave engulfs the sixfirhy!
The sixfirhy is severely wounded.
The sixfirhy hits you.
* * * LOW HITPOINT WARNING * * *
The sixfirhy shocks you. You resist.
* * * LOW HITPOINT WARNING * * *
The sixfirhy hits you.
You die...

♣.#############$###$#
♣.#___#___#__#$$#$#o
♣.#...#__)#._#$...o
♣♣♣.###)#†###)##....
....#..........#oo.
♣.♣.'.⌠........#4)
~...#...######'#§#
....#.⌠.#__#...#3##############
....#...#__#...#@...#.#.#.....#
....#)###__#...##)#..#.##.###.#
....#..)#__#...'##)#.#.##)#
....#___#__'...#.).#..#..##
▓▓▓▓▓▓▓▓▓▓▓▓▓▓▓▓▓▓▓▓▓▓▓▓▓▓


You could see an orc high priest, a rust devil (summoned), a sixfirhy (summoned,
misshapen) and an orc warrior.

Vanquished Creatures
  An orc high priest (D)
  A deep elf pyromancer (D)
  An orc sorcerer (D)
  A shadow (D)
  A spatial vortex (D)
  3 orc warriors (D)
  4 two-headed ogres (D)
  A scorpion (D)
  A water elemental (D)
  A necrophage (D)
  A jelly (D)
  An orc priest (D)
  Jessica (D)
  A wizard (D)
  A necromancer (D)
  An orc wizard (D)
  3 humans (D)
  A kobold demonologist (D)
  8 orcs (D)
  An endoplasm (D)
  2 rats (D)
36 creatures vanquished.

Notes
Turn   | Place    | Note
-------+----------+-------------------------------------------
     0 | D        | mhtbhm the Gargoyle Earth Elementalist began the quest for
                  | the Orb.
     0 | D        | Reached XP level 1. HP: 10/10 MP: 3/3
     3 | D        | Reached skill level 4 in Earth Magic
    65 | D        | Noticed Jessica
    92 | D        | Killed Jessica
    93 | D        | Reached skill level 6 in Earth Magic
    93 | D        | Reached XP level 2. HP: 15/15 MP: 1/6
    93 | D        | Reached XP level 3. HP: 19/19 MP: 1/8
    96 | D        | Learned a level 2 spell: Passwall
   100 | D        | Learned a level 3 spell: Stone Arrow
   170 | D        | Reached skill level 7 in Earth Magic
   211 | D        | Noticed a scorpion
   225 | D        | Killed a scorpion
   226 | D        | Reached skill level 5 in Spellcasting
   226 | D        | Reached skill level 8 in Earth Magic
   226 | D        | Reached XP level 4. HP: 17/24 MP: 8/11
   244 | D        | Gained mutation: You have sharp toenails. [potion of
                  | mutation]
   244 | D        | Gained mutation: Your mind is acute. (Int +4, Str/Dex -1)
                  | [potion of mutation]
   273 | D        | Learned a level 4 spell: Petrify
   276 | D        | Noticed a water elemental
   281 | D        | Killed a water elemental
   282 | D        | Reached skill level 9 in Earth Magic
   282 | D        | Reached XP level 5. HP: 15/28 MP: 8/13
   341 | D        | Found a radiant altar of Vehumet.
   341 | D        | Found a shimmering blue altar of Sif Muna.
   341 | D        | Found an ancient bone altar of Kikubaaqudgha.
   343 | D        | Reached skill level 10 in Earth Magic
   353 | D        | Became a worshipper of Vehumet
   373 | D        | Found a basalt altar of Yredelemnul.
   373 | D        | Found a shadowy altar of Dithmenos.
   373 | D        | Found a sacrificial altar of Ru.
   375 | D        | Reached XP level 6. HP: 32/32 MP: 14/16
   379 | D        | Reached skill level 11 in Earth Magic
   399 | D        | Found a glowing silver altar of Zin.
   399 | D        | Found a glowing golden altar of the Shining One.
   399 | D        | Found a white marble altar of Elyvilon.
   399 | D        | Noticed a deep elf pyromancer
   403 | D        | Killed a deep elf pyromancer
   403 | D        | Reached * piety under Vehumet
   403 | D        | Offered knowledge of Kiss of Death by Vehumet.
   404 | D        | Reached skill level 1 in Fighting
   404 | D        | Reached skill level 10 in Spellcasting
   404 | D        | Reached skill level 13 in Earth Magic
   404 | D        | Reached XP level 7. HP: 15/38 MP: 9/20
   509 | D        | Found a hide-covered altar of Uskayaw.
   509 | D        | Found an iron altar of Okawaru.
   509 | D        | Found a bloodstained altar of Trog.
   509 | D        | Found an ornate altar of the Wu Jian Council.
   509 | D        | Noticed a human
   509 | D        | Noticed a human
   515 | D        | Killed a human
   516 | D        | Reached skill level 14 in Earth Magic
   516 | D        | Reached XP level 8. HP: 38/43 MP: 15/22
   557 | D        | Reached ** piety under Vehumet
   557 | D        | Offered knowledge of Freeze by Vehumet.
   600 | D        | Noticed a shadow
   603 | D        | Killed a shadow
   647 | D        | Found a blossoming altar of Fedhas.
   647 | D        | Found a stormy altar of Qazlal.
   647 | D        | Found a snail-covered altar of Cheibriados.
   647 | D        | Found a burning altar of Makhleb.
   647 | D        | Found a shimmering altar of Xom.
   648 | D        | Found a hazy altar of Hepliaklqana.
   648 | D        | Found an opulent altar of Gozag.
   648 | D        | Found a sparkling altar of Nemelex Xobeh.
   648 | D        | Found a corrupted altar of Lugonu.
   648 | D        | Found a viscous altar of Jiyva.
   653 | D        | Reached skill level 15 in Earth Magic
   720 | D        | Offered knowledge of Inner Flame by Vehumet.
   722 | D        | Reached *** piety under Vehumet
   723 | D        | Reached skill level 1 in Conjurations
   822 | D        | Noticed a two-headed ogre
   826 | D        | Killed a two-headed ogre
   827 | D        | Reached XP level 9. HP: 22/48 MP: 13/25
   925 | D        | Learned a level 3 spell: Inner Flame
   936 | D        | Noticed an orc sorcerer
   937 | D        | Noticed an orc high priest
   945 | D        | Killed an orc sorcerer
   945 | D        | Offered knowledge of Flame Wave by Vehumet.
   945 | D        | Reached **** piety under Vehumet
   946 | D        | Reached skill level 16 in Earth Magic
   951 | D        | Learned a level 4 spell: Flame Wave
   963 | D        | Offered knowledge of Arcjolt by Vehumet.
   967 | D        | Noticed an orc high priest
   985 | D        | Noticed a sixfirhy
   989 | D        | Reached ***** piety under Vehumet
   994 | D        | Killed an orc high priest
   995 | D        | Reached skill level 5 in Conjurations
   995 | D        | Reached skill level 17 in Earth Magic
   996 | D        | Noticed an orange demon
   996 | D        | Noticed a rust devil
   998 | D        | Noticed a sixfirhy
  1007 | D        | Slain by a sixfirhy

Illustrated notes

Levels and vault maps discovered:
D:        dungeon_sprint_mu [sprint_mu_entry_forest, sprint_mu_temple_rooms,
          sprint_mu_d1_spiders, sprint_mu_d2_genie, sprint_mu_d3_branching,
          sprint_mu_orc_legion, sprint_mu_elf_gauntlet, sprint_mu_hive_nellie,
          sprint_mu_lair_fedhas, sprint_mu_vaults_butterflies,
          sprint_mu_slime_circle, sprint_mu_swamp_cave, sprint_mu_snake_twists,
          sprint_mu_blade_basic, sprint_mu_crypt_fortress,
          sprint_mu_tomb_spiral, sprint_mu_vestibule_basic,
          sprint_mu_gehenna_hellfire, sprint_mu_dis_giant,
          sprint_mu_tartarus_statrot, sprint_mu_cocytus_islands, sprint_mu_zot1]

Skill      XL: |  1  2  3  4  5  6  7  8  9 |
---------------+----------------------------+-----
Earth Magic    | 6 8 9 10 13 14 15 17 | 17.3
Dodging        | 2 3 4 |  4.9
Spellcasting   | 3 5 6 7 10 12 13 | 13.7
Stealth        | 3 |  3.6
Fighting       | 1 2 3 |  3.2
Conjurations   | 2 5 |  5.2
Transmutations | |  0.9
Fire Magic     | |  0.2

Action                   |  1- 3 |  4- 6 |  7- 9 || total
-------------------------+-------+-------+-------++-------
 Cast: Sandblast         |    20 |    13 |    10 ||    43
       Stone Arrow       |       |     1 |    30 ||    31
       Flame Wave        |       |       |     3 ||     3
Evoke: Piece from Xom's  |       |       |     1 ||     1
  Use: Potion            |     2 |     1 |     3 ||     6
       Scroll            |       |       |     1 ||     1
Armor: Robe              |     1 |     1 |     6 ||     8
Dodge: Dodged            |    13 |     2 |    14 ||    29

Table legend: (Time is in decaauts)
 A = Elapsed time spent in this place.
 B = Non-inter-level travel time spent in this place.
 C = Inter-level travel time spent in this place.
 D = Time resting spent in this place.
 E = Time spent auto-exploring this place.
 F = Levels seen in this place.
 G = Mean time per level.
                   A        B        C        D        E       F      G
               +--------+--------+--------+--------+--------+-----+--------+
         Total |   1013 |   1013 |      0 |    666 |     11 |   1 | 1013.0 |
       Dungeon |   1013 |   1013 |      0 |    666 |     11 |   1 | 1013.0 |
               +--------+--------+--------+--------+--------+-----+--------+

Top non-repeatable levels by time:
       D: 1013 daAuts
